 Dungeon Crawl Stone Soup version 0.31.0-11-ge490571c62 (webtiles) character file.

Game seed: 17852112334020718182

75 Gadfly the Ruffian (level 4, -5/33 HPs)
             Began as a Demonspawn Shapeshifter on Jan 27, 2024.
             Killed from afar by an orc wizard (8 damage)
             ... with a puff of flame
             ... on level 3 of the Dungeon.
             The game lasted 00:02:52 (1929 turns).

Gadfly the Ruffian (Demonspawn Shapeshifter)        Turns: 1929, Time: 00:02:53

Health: -5/33      AC:  2    Str: 16    XL:     4   Next: 11%
Magic:  4/4        EV: 12    Int: 11    God:
Gold:   55         SH:  0    Dex: 12    Spells: 3/3 levels left

rFire   . .          .
                       - Unarmed
rCold   . . .        (no shield)
rNeg    . . .        a - +0 animal skin
rPois   .            (helmet currently unavailable)
rElec   .            (cloak currently unavailable)
rCorr   .            (gloves currently unavailable)
SInv    .            f - melded +0 pair of boots
Will    .....        (no amulet)
Stlth   +            (no ring)
HPRegen 0.25/turn    (no ring)
MPRegen 0.09/turn

%: no passive effects
@: confused, beast-form
A: beast (slay +1), antennae 1, claws 2
a: Begin Untransformation


You were on level 3 of the Dungeon.
You were a hulking beast.
You visited 1 branch of the dungeon, and saw 3 of its levels.

You collected 55 gold pieces.

Inventory:

Hand Weapons
 b - a +1 short sword of venom
Armour
 a - a +0 animal skin (worn)
 f - a +0 pair of boots (melded)
Talismans
 c - a beast talisman (active)
 d - a flux talisman
Scrolls
 h - a scroll of amnesia {unknown}
Potions
 g - a potion of enlightenment
 i - a potion of lignification
 j - a potion of attraction {unknown}
 k - a potion of resistance
 l - a potion of degeneration {unknown}


   Skills:
 + Level 1.8 Fighting
 * Level 2.5 Dodging
 + Level 3.0 Unarmed Combat
 * Level 1.8 Evocations
 + Level 2.9 Shapeshifting


You had 3 spell levels left.
You didn't know any spells.
Your spell library contained the following spells:

 Spells                   Type           Power      Damage    Failure   Level
 Freeze                   Ice            0%         1d3       34%         1
 Frozen Ramparts          Ice            0%         1d1       71%         3
 Hailstorm                Conj/Ice       0%         3d5       71%         3


Dungeon Overview and Level Annotations

Branches:
Dungeon (3/15)

Altars:

Shops:
D:1 *


Innate Abilities, Weirdness & Mutations

You are a hulking beast.
Your limbs bulge with bestial killing power. (Slay +1)
You have a pair of small antennae on your head.
You have very sharp fingernails.


Message History

* * * LOW HITPOINT WARNING * * *
Something hits you.
* * * LOW HITPOINT WARNING * * *
You scratch the goblin.
You kill the goblin!
Something hits you.
* * * LOW HITPOINT WARNING * * *
Things that are here:
a +0 club; a goblin corpse You miss something.
Something hits you but does no damage.
You miss something. Something hits you.
* * * LOW HITPOINT WARNING * * *
You scratch something.
You hear some strange, mumbled words.
You are confused.
It was a potion of ambrosia.
You are more confused.
You feel invigorated. Something hits you.
* * * LOW HITPOINT WARNING * * *
You barely miss something. Something hits you.
* * * LOW HITPOINT WARNING * * *
You bump into the rock wall.
Something hits you.
* * * LOW HITPOINT WARNING * * *
You're too confused to move!
You feel less invigorated.
You hear some strange, mumbled words.
You are more confused.
You miss something. Something hits you.
* * * LOW HITPOINT WARNING * * *
You bump into the rock wall.
Something hits you.
* * * LOW HITPOINT WARNING * * *
Something hits you but does no damage.
You closely miss something. Something hits you.
* * * LOW HITPOINT WARNING * * *
You claw something! Something barely misses you. Something hits you.
* * * LOW HITPOINT WARNING * * *
You hear some strange, mumbled words.
A puff of flame appears from out of thin air!
The puff of flame hits you!
You die...

###########
#.........#
#.........#
#.........#
+.....)............
#)################
#....# ...####..).#
.......'....#


There were no monsters in sight!

Vanquished Creatures
  An adder (D:2)
  4 dart slugs
  A ribbon worm (D:2)
  4 orcs (D:3)
  5 ball pythons
  6 endoplasms
  A giant cockroach (D:2)
  8 hobgoblins
  A quokka (D:2)
  5 frilled lizards
  3 goblins
  6 kobolds
  5 rats
50 creatures vanquished.

Notes
Turn   | Place    | Note
-------+----------+-------------------------------------------
     0 | D:1      | Gadfly the Demonspawn Shapeshifter began the quest for the
                  | Orb.
     0 | D:1      | Reached XP level 1. HP: 15/15 MP: 1/1
   150 | D:1      | Found Waexyu Zopt's General Store.
   273 | D:1      | Discovered your monstrous ancestry.
   273 | D:1      | Gained mutation: You have sharp fingernails. [demonic
                  | ancestry]
   273 | D:1      | Reached XP level 2. HP: 21/21 MP: 2/2
   402 | D:1      | Reached skill level 1 in Evocations
   706 | D:2      | Gained mutation: You have very sharp fingernails. [demonic
                  | ancestry]
   706 | D:2      | Reached XP level 3. HP: 19/26 MP: 3/3
  1507 | D:2      | Found a faded altar of an unknown god.
  1844 | D:3      | Reached skill level 3 in Unarmed Combat
  1844 | D:3      | Gained mutation: You have a pair of small antennae on your
                  | head. [demonic ancestry]
  1844 | D:3      | Reached XP level 4. HP: 24/33 MP: 4/4
  1929 | D:3      | Killed from afar by an orc wizard

Illustrated notes

Levels and vault maps discovered:
D:1:      zelgadis_glass_arrival_small, layout_rooms, serial_glass,
          glass_columns_b, glass_columns_b, serial_shops,
          nicolae_shop_peninsula, minmay_split_cup_large
D:2:      minmay_diamond_boxcup, layout_rooms,
          shapermc_ecumenical_altar_mp_ritualfount
D:3:      layout_basic

Skill      XL: |  1  2  3 |
---------------+----------+-----
Dodging        | 2 |  2.5
Evocations     | 1 |  1.8
Unarmed Combat | 3 |  3.0
Fighting       | |  1.8
Shapeshifting  | |  2.9

Action                     |  1- 3 |  4- 6 || total
---------------------------+-------+-------++-------
  Melee: Unarmed           |   106 |    13 ||   119
         Punch             |     2 |       ||     2
         Short sword       |    14 |       ||    14
Ability: Begin Untransform |     1 |       ||     1
    Use: Scroll            |     5 |       ||     5
         Potion            |       |     1 ||     1
 Armour: Animal skin       |    49 |    25 ||    74
  Dodge: Dodged            |    61 |     2 ||    63
   Form: Beast             |     1 |       ||     1
